 Dungeon Crawl Stone Soup version 0.30-a0-711-gf4ac18a38d (webtiles) character file.

Game seed: 10902031085638223697

12740 Rennog the Grappler (level 11, -7/109 HPs)
             Began as a Troll Fighter on Jan 22, 2023.
             Was a Believer of Ignis.
             Killed from afar by an acid dragon (13 damage)
             ... with a splash of acid
             ... on level 11 of the Dungeon on Jan 23, 2023.
             The game lasted 00:18:49 (8679 turns).

Rennog the Grappler (Troll Fighter)                 Turns: 8679, Time: 00:18:49

Health: -7/109     AC: 11    Str: 26    XL:     11   Next: 66%
Magic:  10/10      EV: 10    Int:  6    God:    Ignis [**....]
Gold:   666        SH: 10    Dex: 11    Spells: 10/10 levels left

rFire   + . .      SeeInvis .      - Unarmed
rCold   . . .      Faith    .    b - +0 kite shield
rNeg    . . .      Spirit   .    J - +0 troll leather armour
rPois   .          Reflect  .    (helmet restricted)
rElec   .          Harm     .    A - +0 cloak
rCorr   .          Rampage  .    (gloves unavailable)
Will    .....                    (boots unavailable)
Stlth   +                        (no amulet)
HPRegen 1.98/turn                q - +4 ring of protection
MPRegen 0.12/turn                L - +4 ring of protection

@: corroded, rising, flying
A: large, unfitting armour, claws 3, regeneration 1, shaggy fur 1, tough skin 1
a: Renounce Religion, Fiery Armour, Foxfire Swarm


You were on level 11 of the Dungeon.
You worshipped Ignis.
Ignis was pleased with you.
You visited 2 branches of the dungeon, and saw 12 of its levels.
You also visited: Bailey.

You collected 666 gold pieces.

Inventory:

Missiles
 w - 2 throwing nets (quivered)
Armour
 a - a +0 robe
 b - a +0 kite shield (worn)
 A - a +0 cloak (worn)
 E - +0 acid dragon scales
 J - a +0 troll leather armour (worn)
Jewellery
 q - a +4 ring of protection (left claw)
 u - a ring of poison resistance
 H - a ring of flight
 K - a ring of ice
 L - a +4 ring of protection (right claw)
Wands
 r - a wand of paralysis (11)
 t - a wand of light (19)
 x - a wand of flame (17)
 D - a wand of iceblast (9)
 N - a wand of mindburst (5)
Scrolls
 d - 3 scrolls of immolation
 e - 5 scrolls of noise
 f - 2 scrolls of enchant weapon
 h - 2 scrolls of enchant armour
 i - 2 scrolls of torment
 k - 3 scrolls of teleportation
 l - 2 scrolls of fog {unknown}
 m - a scroll of magic mapping {unknown}
 s - a scroll of brand weapon {unknown}
 v - a scroll of butterflies {unknown}
 y - a scroll of identify
 C - 2 scrolls of silence {unknown}
 I - a scroll of poison {unknown}
Potions
 c - 3 potions of might
 g - a potion of flight {unknown}
 j - 3 potions of haste
 n - 3 potions of magic
 o - a potion of lignification
 p - 3 potions of brilliance
 z - 3 potions of curing
 B - 2 potions of attraction
 F - a potion of heal wounds {unknown}
 G - 2 potions of resistance {unknown}
 M - a potion of cancellation {unknown}


   Skills:
 + Level 7.3 Fighting
 + Level 3.8 Armour
 + Level 7.3 Dodging
 + Level 8.0 Shields
 * Level 11.8 Unarmed Combat


You had 10 spell levels left.
You didn't know any spells.
Your spell library contained the following spells:

 Spells                   Type           Power      Damage    Failure   Level
 Freeze                   Ice            0%         1d3       75%         1
 Sting                    Tmut/Pois      0%         1d3       75%         1
 Poisonous Vapours        Pois/Air       0%         N/A       86%         2
 Frozen Ramparts          Ice            0%         1d1       98%         3
 Hailstorm                Conj/Ice       0%         3d3       98%         3
 Ignite Poison            Fire/Tmut/Pois 0%         N/A       98%         3
 Olgreb's Toxic Radiance  Pois           0%         N/A       100%        4
 Sticky Flame             Conj/Fire      0%         2d3       100%        4
 Ignition                 Fire           0%         3d3       100%        8


Dungeon Overview and Level Annotations

Branches:
Dungeon (11/15)            Temple (1/1) D:6            Lair (0/5) D:8
 Bailey (visited)
    Orc: D:9-12

Altars:
Ashenzari
Cheibriados
Dithmenos
Elyvilon
Fedhas
Gozag
Hepliaklqana
Kikubaaqudgha
Makhleb
Nemelex Xobeh
Okawaru
Qazlal
Ru
Sif Muna
Trog
Uskayaw
Vehumet
Wu Jian
Xom
Yredelemnul
Zin
The Shining One
Ignis

Shops:
D:10 :(**(

Annotations:
D:4 exclusion: oklob plant


Innate Abilities, Weirdness & Mutations

You are too large for most types of armour.
You have claws for hands.
Your natural rate of healing is unusually fast.
You are covered in fur. (AC +1)
You have tough skin. (AC +1)


Message History

The yak is moderately wounded.
The yak gores you. The yak gores you but does no damage.
The acid dragon spits acid at you. The splash of acid hits you!!
The acid corrodes you!
You closely miss the yak.
The yak is moderately wounded.
The yak gores you! The yak gores you but does no damage.
The acid dragon closely misses you. x2
You claw the yak!
The yak is heavily wounded.
You scratch the yak.
The yak is severely wounded.
The yak gores you but does no damage. You block the yak's attack.
The acid dragon bites you but does no damage.
The acid dragon misses you.
You claw the yak!
The yak is almost dead.
The yak gores you. The yak completely misses you.
You block the acid dragon's attack.
The acid dragon claws you but does no damage.
You scratch the yak but do no damage.
The yak is almost dead.
The yak gores you! The yak gores you. The acid dragon spits acid at you.
The splash of acid hits you!!
* * * LOW HITPOINT WARNING * * *
The acid dragon attacks as you move away!
You block the acid dragon's attack.
The acid dragon claws you but does no damage.
Okay, then.
The yak attacks as you move away! You block the yak's attack.
The yak attacks as you move away! The yak gores you!
* * * LOW HITPOINT WARNING * * *
You begin to rise into the air.
The yak gores you!
* * * LOW HITPOINT WARNING * * *
The yak gores you.
* * * LOW HITPOINT WARNING * * *
The acid dragon spits acid at you. The splash of acid hits you!
You die...

#...... #...... #..>...
#...... # #......
..#.##################......
.(.......D...........[......
....!.†.....................
..........Y@................
.........?Y............)....
............................
#########.......######......
#..⌠..#.# #...... #....^#.#
#...... ##...##.# #......
#...# .# #...... #.###
#......


You could see 2 yaks and an acid dragon (catching breath).

Vanquished Creatures
  3 two-headed ogres
  Urug (D:11)
  Maurice (D:8)
  A kobold demonologist (D:10)
  A gargoyle (Bailey)
  An unseen horror (D:10)
  3 hornets
  2 trolls (D:9)
  Sigmund (D:6)
  A shadow (D:10)
  A wraith (D:10)
  4 wyverns
  11 yaks
  Eustachio (D:6)
  A steam dragon (D:6)
  An acid dragon (D:8)
  7 water moccasins
  6 sky beasts
  5 orc warriors
  3 black bears
  2 ogres
  3 centaurs
  2 phantoms
  2 kobold brigands
  A necrophage (D:6)
  Blork the orc (D:5)
  8 bullfrogs
  2 gnoll sergeants
  2 scorpions (D:5)
  5 wights (D:7)
  10 killer bees
  3 howler monkeys
  5 hounds
  3 jellies
  5 orc priests
  6 iguanas
  4 orc wizards
  7 adders
  11 gnolls
  An ufetubus (D:6)
  A worm (D:2)
  A dart slug (D:4)
  26 orcs
  4 ball pythons
  3 bats
  7 endoplasms
  3 giant cockroaches
  10 goblins
  9 hobgoblins
  2 jackals (D:1)
  5 quokkas
  5 frilled lizards
  12 kobolds
  9 orc zombies (Bailey)
  6 rats
241 creatures vanquished.

Vanquished Creatures (others)
  63 foxfires
  2 fungi (D:8)
  7 plants (D:8)
  10 toadstools (D:4)
82 creatures vanquished.

Grand Total: 323 creatures vanquished

Notes
Turn   | Place    | Note
-------+----------+-------------------------------------------
     0 | D:1      | Rennog the Troll Fighter began the quest for the Orb.
     0 | D:1      | Reached XP level 1. HP: 22/22 MP: 0/0
     3 | D:1      | Noticed an electric eel
     4 | D:1      | Noticed an electric eel
   107 | D:1      | Reached XP level 2. HP: 27/29 MP: 1/1
   293 | D:1      | Reached XP level 3. HP: 36/36 MP: 2/2
   682 | D:2      | Found a glowing silver altar of Zin.
   781 | D:2      | Reached skill level 3 in Unarmed Combat
   813 | D:2      | You fall into a shaft and drop 1 floor!
   861 | D:3      | Found a sparkling altar of Nemelex Xobeh.
   901 | D:3      | Noticed a phantom
   910 | D:3      | Killed a phantom
   911 | D:3      | Reached XP level 4. HP: 43/45 MP: 3/3
   946 | D:3      | Reached XP level 5. HP: 37/53 MP: 4/4
  1425 | D:3      | Found a shadowy altar of Dithmenos.
  1520 | D:4      | Identified the +5 battleaxe of the Butterfly {heavy, rN+}
  1556 | D:4      | Upgraded the game from 0.30-a0-702-gdf48620a09 to
                  | 0.30-a0-711-gf4ac18a38d
  1563 | D:4      | Reached skill level 4 in Unarmed Combat
  1581 | D:4      | Noticed a sky beast
  1595 | D:4      | Killed a sky beast
  1596 | D:4      | Reached XP level 6. HP: 23/61 MP: 5/5
  1692 | D:4      | Found a blossoming altar of Fedhas.
  2014 | D:4      | Noticed an oklob plant
  2096 | D:5      | Entered Level 5 of the Dungeon
  2270 | D:5      | Reached skill level 5 in Unarmed Combat
  2270 | D:5      | Reached XP level 7. HP: 68/68 MP: 6/6
  2454 | D:5      | Noticed Blork the orc
  2475 | D:5      | Killed Blork the orc
  2476 | D:5      | Reached skill level 6 in Unarmed Combat
  2578 | D:5      | Reached XP level 8. HP: 63/78 MP: 7/7
  2924 | D:6      | Found a staircase to the Ecumenical Temple.
  2937 | Temple   | Entered the Ecumenical Temple
  3181 | Temple   | Prayed at the altar of an unknown god.
  3181 | Temple   | Became a worshipper of Ignis, the Dying Flame
  3313 | D:6      | Reached skill level 5 in Shields
  3351 | D:6      | Reached skill level 7 in Unarmed Combat
  3365 | D:6      | Noticed Eustachio
  3490 | D:6      | Killed Eustachio
  3550 | D:6      | Reached skill level 5 in Dodging
  3607 | D:6      | Reached skill level 5 in Fighting
  3607 | D:6      | Reached XP level 9. HP: 78/88 MP: 8/8
  3668 | D:6      | Noticed Sigmund
  3678 | D:6      | Killed Sigmund
  3679 | D:6      | Reached skill level 8 in Unarmed Combat
  4423 | D:7      | Reached skill level 9 in Unarmed Combat
  5638 | D:8      | Reached XP level 10. HP: 92/98 MP: 9/9
  5676 | D:8      | Found an opulent altar of Gozag.
  5875 | D:8      | Reached skill level 1 in Armour
  5878 | D:8      | Reached skill level 10 in Unarmed Combat
  5941 | D:8      | Noticed Maurice
  5942 | D:8      | Found a staircase to the Lair.
  5975 | D:8      | Killed Maurice
  6000 | D:8      | Found a flagged portal.
  6015 | Bailey   | Entered a bailey
  6136 | Bailey   | Noticed a gargoyle
  6148 | Bailey   | Killed a gargoyle
  6975 | D:9      | Identified the +7 dagger of the Charming Coward {holy,
                  | Will+}
  7357 | D:10     | Entered Level 10 of the Dungeon
  7357 | D:10     | Found a white marble altar of Elyvilon.
  7361 | D:10     | Noticed a sixfirhy
  7517 | D:10     | Found Dabbotze's Weapon Boutique.
  7591 | D:10     | Found Niosiff's General Store.
  7607 | D:10     | Reached XP level 11. HP: 98/107 MP: 10/10
  7686 | D:10     | Found a glowing silver altar of Zin.
  7720 | D:10     | Found a stormy altar of Qazlal.
  7799 | D:10     | Noticed a two-headed ogre
  7803 | D:10     | Killed a two-headed ogre
  7804 | D:10     | Reached skill level 11 in Unarmed Combat
  7967 | D:10     | Found Hitorrio's Book Emporium.
  7999 | D:10     | Found Zuofia's Antique Weapon Shop.
  8015 | D:10     | Found Lyubuy's Assorted Antiques.
  8033 | D:10     | Found an iron altar of Okawaru.
  8035 | D:10     | Paralysed by a hornet for 2 turns
  8108 | D:10     | Found a radiant altar of Vehumet.
  8121 | D:10     | Found a burning altar of Makhleb.
  8218 | D:10     | Found an ornate altar of the Wu Jian Council.
  8439 | D:11     | Noticed Urug
  8450 | D:11     | Noticed a two-headed ogre
  8554 | D:11     | Killed Urug
  8591 | D:11     | Killed a two-headed ogre
  8602 | D:11     | Noticed a two-headed ogre
  8611 | D:11     | Killed a two-headed ogre
  8678 | D:11     | HP: 4/109 [yak (6)]
  8679 | D:11     | Killed from afar by an acid dragon

Illustrated notes

Levels and vault maps discovered:
D:1:      arrival_aquarium_b, layout_rooms, chequers_serial_rivers_room_a,
          minivault_26, minmay_close_crescents
D:2:      layout_basic, basic_altar
D:3:      layout_basic, lemuel_crystal_altar, grunt_dithmenos_smoke,
          grunt_ministairs_1
D:4:      layout_cave_pools, tgw_fedhas
D:5:      layout_loops_cross, uniq_blork_the_orc
D:6:      hangedman_cross_stitches, layout_loops_ring,
          minmay_temple_entry_mini_moons, chequers_serial_rivers_marsh,
          grunt_decor_fettered, uniq_eustachio, uniq_sigmund
D:7:      layout_layer_cave
D:8:      layout_basic, mainiacjoe_overflow_surrounded_room,
          minmay_lair_entry_grove, enter_bailey_4, uniq_maurice
D:9:      layout_roguey
D:10:     layout_roguey, nicolae_overflow_quartered_altars,
          amcnicky_altar_gilded, mainiacjoe_overflow_swirl, serial_shops,
          nicolae_shop_behind_doors, shop_fountains, shop,
          nicolae_stop_n_shop_1, shop
D:11:     layout_cross, serial_column_ruins, column_ruins_hut, column_ruins_hut,
          column_ruins_open_medium, column_ruins_open_small,
          column_ruins_open_small_water, column_ruins_columns_straight,
          column_ruins_columns_straight, uniq_urug
Temple:   chequers_temple_sunken

Skill      XL: |  1  2  3  4  5  6  7  8  9 10 11 |
---------------+----------------------------------+-----
Shields        | 3 4 5 6 7 8 |  8.0
Unarmed Combat | 3 4 5 6 7 9 10 11 | 11.8
Fighting       | 3 4 5 6 7 |  7.3
Dodging        | 3 4 5 6 7 |  7.3
Armour         | 2 3 |  3.8

Action                     |  1- 3 |  4- 6 |  7- 9 | 10-12 || total
---------------------------+-------+-------+-------+-------++-------
  Melee: Unarmed           |   116 |   116 |   273 |   373 ||   878
 Invoke: Fiery Armour      |       |       |     1 |     1 ||     2
         Foxfire Swarm     |       |       |       |     4 ||     4
         Rising Flame      |       |       |       |     1 ||     1
    Use: Scroll            |       |       |     7 |     5 ||    12
         Potion            |       |       |       |     1 ||     1
   Stab: Sleeping          |       |     2 |       |       ||     2
 Armour: Robe              |    30 |    32 |    93 |     7 ||   162
         Acid dragon scale |       |       |       |    65 ||    65
         Troll leather arm |       |       |       |    81 ||    81
  Dodge: Dodged            |    32 |    23 |    86 |   128 ||   269
  Block: Kite shield       |    38 |    43 |   116 |   171 ||   368

Table legend: (Time is in decaauts)
 A = Elapsed time spent in this place.
 B = Non-inter-level travel time spent in this place.
 C = Inter-level travel time spent in this place.
 D = Time resting spent in this place.
 E = Time spent auto-exploring this place.
 F = Levels seen in this place.
 G = Mean time per level.
                   A        B        C        D        E       F      G
               +--------+--------+--------+--------+--------+-----+--------+
         Total |   8671 |   8068 |    603 |    246 |   5879 |  13 |  667.0 |
       Dungeon |   8202 |   7645 |    557 |    230 |   5734 |  11 |  745.6 |
        Temple |    250 |    204 |     46 |      0 |    139 |   1 |  250.0 |
        Bailey |    218 |    218 |      0 |     16 |      6 |   1 |  218.0 |
               +--------+--------+--------+--------+--------+-----+--------+

Top non-repeatable levels by time:
     D:7: 1416 daAuts
     D:6: 1015 daAuts
     D:8: 959 daAuts
    D:10: 943 daAuts
     D:5: 836 daAuts
     D:3: 696 daAuts
     D:9: 659 daAuts
     D:4: 592 daAuts
     D:1: 584 daAuts
    D:11: 260 daAuts
  Temple: 250 daAuts
     D:2: 236 daAuts
  Bailey: 218 daAuts
